 Dungeon Crawl Stone Soup version 0.26.1-16-g4e020e15dc (webtiles) character file.

Game seed: 3811641592109550063

185 Froggeryz the Ruffian (level 5, 0/40 HPs)
             Began as a Draconian Transmuter on Mar 2, 2024.
             Was a Follower of Uskayaw.
             Slain by a ball python (2 damage)
             ... in a sewer.
             The game lasted 00:03:39 (2809 turns).

Froggeryz the Ruffian (Draconian Transmuter)        Turns: 2809, Time: 00:03:39

Health: 0/40       AC:  5    Str: 13    XL:     5   Next: 37%
Magic:  7/8        EV: 12    Int: 13    God:    Uskayaw [*.....]
Gold:   132        SH:  0    Dex: 12    Spells: 7/8 levels left

rFire    . . .     SeeInvis .     - Unarmed
rCold    . . .     Faith    .   (no shield)
rNeg     . . .     Spirit   .   (armour unavailable)
rPois    .         Reflect  .   (helmet currently unavailable)
rElec    .         Harm     .   (no cloak)
rCorr    .         Rampage  .   (no gloves)
Will     .....                  (boots currently unavailable)
Stlth    +.........             (no amulet)
HPRegen  0.13/turn              (no ring)
MPRegen  0.11/turn              (no ring)

@: lethally poisoned (0 -> -16), about to teleport, appendages (expiring), very
slow
A: unfitting armour, horns 2, talons 2, cold-blooded, AC +5
a: End Transformation, Renounce Religion, Stomp


You were in a sewer.
You worshipped Uskayaw.
Uskayaw was noncommittal.
You had grown temporary horns.
You had grown temporary talons.
You visited 1 branch of the dungeon, and saw 3 of its levels.
You also visited: Sewer.

You collected 132 gold pieces.

Inventory:

Missiles
 h - 17 poisoned darts (quivered)
Jewellery
 j - an uncursed amulet of faith {unknown}
Wands
 n - a wand of iceblast (6)
Scrolls
 a - 2 scrolls of teleportation
 b - a scroll of immolation {unknown}
 c - a scroll of fear {unknown}
 d - 4 scrolls of identify {unknown}
 g - a scroll of enchant armour {unknown}
 k - 3 scrolls of magic mapping {unknown}
 m - a scroll of blinking {unknown}
 o - a scroll of fog {unknown}
Potions
 e - 2 potions of might {unknown}
 f - a potion of curing {unknown}
 i - a potion of experience {unknown}
 l - a potion of degeneration {unknown}


   Skills:
 - Level 1.1 Fighting
 - Level 1.7 Dodging
 * Level 6.1 Unarmed Combat
 - Level 2.0 Spellcasting
 - Level 2.0 Transmutations


You had 7 spell levels left.
You knew the following spells:

 Your Spells              Type           Power        Failure   Level
a - Beastly Appendage     Tmut           12%          11%         1

Your spell library contained the following spells:

 Spells                   Type           Power        Failure   Level
 Wereblood                Tmut           6%           17%         2
 Spider Form              Tmut/Pois      1%           45%         3
 Ice Form                 Ice/Tmut       3%           86%         4
 Blade Hands              Tmut           3%           97%         5


Dungeon Overview and Level Annotations

Branches:
Dungeon (3/15)              Sewer (1/1)

Altars:
Uskayaw


Innate Abilities, Weirdness & Mutations

Your plain brown scales are hard. (AC +5)
You cannot fit into any form of body armour.
You are cold-blooded and may be slowed by cold attacks.
You have a pair of horns on your head.
You have razor-sharp toenails.


Message History

The adder bites you but does no damage.
As you read the scroll labelled TARHA OMUTIL, it crumbles to dust.
You feel strangely unstable.
It was a scroll of teleportation.
You feel sick. The ball python misses you. The ball python constricts you.
The adder closely misses you. The ball python barely misses you.
The adder bites you but does no damage. The rat bites you.
* * * LOW HITPOINT WARNING * * *
You escape the ball python's grasp.
Your transformation is almost over.
* * * LOW HITPOINT WARNING * * *
You feel sick. The adder bites you.
* * * LOW HITPOINT WARNING * * *
You are more poisoned.
The adder poisons you!
The rat twitches its whiskers.
The adder closely misses you. The adder bites you.
* * * LOW HITPOINT WARNING * * *
You are more poisoned.
The adder poisons you! The ball python bites you.
You die...

##### #..'. #..#. ####.
####################..
###..≈≈≈≈≈≈≈#≈≈≈≈≈≈≈....
##...r≈≈≈≈≈≈.≈≈≈≈≈≈≈≈....
#....rrSSS≈≈..≈≈≈≈≈≈≈....
#....r≈S@S≈≈.≈≈≈≈≈≈≈≈≈...
#.....≈≈≈≈≈≈.≈≈≈≈≈≈≈≈≈...
.....#≈≈≈≈≈≈≈≈≈≈≈≈≈≈≈..##
....####################
...# ..# ..


You could see 2 adders, 3 ball pythons and 4 rats.

Vanquished Creatures
  Jessica (D:2)
  5 adders
  3 river rats (Sewer)
  3 oozes
  A worm (D:3)
  2 dart slugs
  2 leopard geckos
  2 orcs (D:3)
  2 giant cockroaches (D:3)
  5 hobgoblins
  3 jackals
  4 kobolds
  5 ball pythons (Sewer)
  5 bats (D:2)
  7 frilled lizards
  4 goblins
  27 rats
81 creatures vanquished.

Notes
Turn   | Place    | Note
-------+----------+-------------------------------------------
     0 | D:1      | Froggeryz the Draconian Transmuter began the quest for the
                  | Orb.
     0 | D:1      | Reached XP level 1. HP: 16/16 MP: 3/3
   329 | D:1      | Reached XP level 2. HP: 20/23 MP: 5/5
   541 | D:1      | Reached skill level 4 in Unarmed Combat
   743 | D:2      | Reached XP level 3. HP: 26/28 MP: 6/6
   902 | D:2      | Found a hide-covered altar of Uskayaw.
   908 | D:2      | Noticed Jessica
   916 | D:2      | Killed Jessica
  1000 | D:2      | Became a worshipper of Uskayaw the Reveller
  1134 | D:2      | Reached * piety under Uskayaw
  1139 | D:2      | Reached ** piety under Uskayaw
  1140 | D:2      | Reached XP level 4. HP: 30/35 MP: 7/7
  1245 | D:2      | Reached skill level 5 in Unarmed Combat
  2174 | D:3      | Found a glowing drain.
  2178 | Sewer    | Entered a sewer
  2250 | Sewer    | Reached XP level 5. HP: 37/40 MP: 8/8
  2377 | Sewer    | Reached skill level 6 in Unarmed Combat
  2809 | Sewer    | HP: 2/40 [adder (3)]
  2809 | Sewer    | Slain by a ball python

Illustrated notes

Levels and vault maps discovered:
D:1:      shiori_arrival_oz, layout_rooms
D:2:      layout_loops_cross, lemuel_crystal_altar, uniq_jessica
D:3:      minmay_diamond_boxcup, layout_rooms, gup_sewer_entry_bowl,
          minmay_pentangle
Sewer:    sewer_minmay_w

Skill      XL: |  1  2  3  4  5 |
---------------+----------------+-----
Unarmed Combat | 4 5 6 |  6.1
Fighting       | |  1.1
Dodging        | |  1.7
Spellcasting   | |  2.0
Transmutations | |  2.0

Action                   |  1- 3 |  4- 6 || total
-------------------------+-------+-------++-------
Melee: Unarmed           |    91 |   201 ||   292
       Tailslap          |    10 |    21 ||    31
       Punch             |     1 |     2 ||     3
       Kick              |       |    10 ||    10
       Headbutt          |       |     5 ||     5
 Cast: Beastly Appendage |       |     6 ||     6
  Use: Scroll            |       |     1 ||     1
 Stab: Sleeping          |       |     2 ||     2
Armor: Skin              |    33 |    65 ||    98
Dodge: Dodged            |    61 |   144 ||   205
